 Dungeon Crawl Stone Soup version 0.30-a0-1161-g0704695555 (webtiles) character file.

Game seed: 7735615649975389410

26469 ytrimaz the Protected (level 12, -5/84 HPs)
             Began as a Demonspawn Fighter on Apr 27, 2023.
             Was an Elder of Makhleb.
             Blown up by Lodul (19 damage)
             ... with a mindburst bolt
             ... on level 13 of the Dungeon.
             The game lasted 00:21:10 (18879 turns).

ytrimaz the Protected (Demonspawn Fighter)         Turns: 18879, Time: 00:21:10

Health: -5/84      AC: 36    Str: 14    XL:     12   Next: 98%
Magic:  24/24      EV:  7    Int: 25    God:    Makhleb [****..]
Gold:   126        SH:  5    Dex: 14    Spells: 24/27 levels left

rFire   + . .        a - +0 war axe (heavy)
rCold   . . .        (no shield)
rNeg    . . .        G - +10 crystal plate armour of the Game of Kings {rPois rC+ Will-}
rPois   +            v - +0 helmet
rElec   +            (no cloak)
rCorr   +            (no gloves)
SInv    .            k - +0 pair of boots
Will    .....        D - amulet of reflection Stlth
                     O - ring of Borutug {rElec rF+ rCorr Str-4 Int+2}
HPRegen 0.34/turn    J - ring of Fixoamn {rC- rCorr EV+5 Int+7}
MPRegen 0.19/turn

%: reflection
@: no status effects
A: demonic guardian 2, big brain 2, demonic magic 2, demonic touch 1
a: Renounce Religion, Minor Destruction, Lesser Servant of Makhleb, Major
Destruction


You were on level 13 of the Dungeon.
You worshipped Makhleb.
Makhleb was greatly pleased with you.
You visited 3 branches of the dungeon, and saw 15 of its levels.
You also visited: Sewer, Bailey and Gauntlet.

You collected 714 gold pieces.
You spent 588 gold pieces at shops.


Innate Abilities, Weirdness & Mutations

A demonic guardian rushes to your aid.
You have an extremely huge brain. (Int +4)
Spells you cast may paralyse nearby enemies.
Your touch may inflict minor irresistible damage on your foes.


   Skills:
 - Level 4.3 Fighting
 + Level 12.3 Axes
 + Level 13.8 Armour
 - Level 2.6 Shields
 - Level 8.0 Spellcasting
 - Level 5.0 Conjurations
 - Level 5.0 Earth Magic
 - Level 7.0 Invocations


You had 24 spell levels left.
You knew the following spells:

 Your Spells              Type           Power      Damage    Failure   Level
a - Stone Arrow           Conj/Erth      70%        3d11      99%         3

Your spell library contained the following spells:

 Spells                   Type           Power      Damage    Failure   Level
 Sandblast                Erth           70%        2d15      90%         1
 Cigotuvi's Dreadful Rot  Necr/Pois/Air  20%        N/A       100%        2
 Passwall                 Tmut/Erth      18%        N/A       100%        2
 Sublimation of Blood     Necr           10%        N/A       100%        2
 Frozen Ramparts          Ice            20%        1d4       100%        3
 Ignite Poison            Fire/Tmut/Pois 10%        N/A       100%        3
 Mephitic Cloud           Conj/Pois/Air  18%        N/A       100%        3
 Anguish                  Hex/Necr       5%         N/A       100%        4
 Cause Fear               Hex            5%         N/A       100%        4
 Ice Form                 Ice/Tmut       10%        N/A       100%        4
 Petrify                  Tmut/Erth      22%        N/A       100%        4
 Sticky Flame             Conj/Fire      22%        2d4       100%        4
 Summon Ice Beast         Ice/Summ       10%        N/A       100%        4
 Irradiate                Conj/Tmut      11%        3d15      100%        5
 Summon Mana Viper        Hex/Summ       10%        N/A       100%        5
 Enfeeble                 Hex            5%         N/A       100%        7
 Discord                  Hex            5%         N/A       100%        8
 Ignition                 Fire           5%         3d4       100%        8

Inventory:

Hand Weapons
 a - a +0 heavy war axe (weapon)
 M - the +3 dire flail of the Jester {flame, Str+3}
   (You found it in a Gauntlet)

   Str:       It affects your strength (+3).
Armour
 c - a +0 buckler
 g - a +1 ring mail of cold resistance
   (You found it on level 1 of the Dungeon)
 j - a +2 chain mail of fire resistance
   (You found it in a bailey)
 k - a +0 pair of boots (worn)
   (You found it on level 7 of the Dungeon)
 n - a +2 leather armour of fire resistance
   (You found it in a bailey)
 q - a +0 pair of gloves
   (You found it on level 3 of the Dungeon)
 r - a +0 leather armour
   (You found it on level 3 of the Dungeon)
 v - a +0 helmet (worn)
   (You found it on level 6 of the Dungeon)
 x - a +0 kite shield
   (You found it on level 6 of the Dungeon)
 G - the +10 crystal plate armour of the Game of Kings (worn) {rPois rC+ Will-}
   (You acquired it on level 10 of the Dungeon)

   rC:        It protects you from cold.
   rPois:     It protects you from poison.
   Will:      It decreases your willpower.
Jewellery
 i - a ring of ice
   (You found it on level 8 of the Dungeon)
 t - a ring of flight
   (You found it on level 6 of the Dungeon)
 D - an amulet of reflection (around neck)
   (You found it on level 8 of the Dungeon)
 J - the ring of Fixoamn (right hand) {rC- rCorr EV+5 Int+7}
   (You found it in a Gauntlet)

   [ring of evasion]

   EV:        It affects your evasion (+5).
   Int:       It affects your intelligence (+7).
   rC:        It makes you vulnerable to cold.
   rCorr:     It protects you from acid and corrosion.
 L - a ring of positive energy
   (You found it on level 11 of the Dungeon)
 O - the ring of Borutug (left hand) {rElec rF+ rCorr Str-4 Int+2}
   (You bought it in a shop on level 11 of the Dungeon)

   [ring of resist corrosion]

   Str:       It affects your strength (-4).
   Int:       It affects your intelligence (+2).
   rF:        It protects you from fire.
   rElec:     It insulates you from electricity.
   rCorr:     It protects you from acid and corrosion.
Wands
 m - a wand of flame (6)
   (You found it in a sewer)
 o - a wand of iceblast (20)
   (You found it in a sewer)
 F - a wand of paralysis (15)
   (You found it on level 8 of the Dungeon)
Scrolls
 b - 8 scrolls of teleportation
 h - 4 scrolls of enchant armour
 w - 2 scrolls of amnesia
 y - 4 scrolls of silence
 A - 5 scrolls of identify
 B - 3 scrolls of fog
 E - a scroll of brand weapon
 H - a scroll of blinking
 I - a scroll of poison
 K - 2 scrolls of fear
 P - 2 scrolls of enchant weapon
Potions
 d - 4 potions of might
 e - 2 potions of resistance
 f - 3 potions of attraction
 l - 5 potions of flight
 p - 2 potions of mutation
 s - 2 potions of haste
 u - a potion of magic
 z - a potion of cancellation
 C - a potion of brilliance
 N - a potion of curing

Dungeon Overview and Level Annotations

Branches:
Dungeon (13/15) Zot: 26713  Temple (1/1) D:6 Zot: 5829    Lair (0/5) D:11
    Orc (1/2) D:12 Zot: 5996   Sewer (visited)          Bailey (visited)
Gauntlet (visited)
 Vaults: D:13-14

Altars:
Ashenzari
Cheibriados
Dithmenos
Fedhas
Gozag
Hepliaklqana
Kikubaaqudgha
Makhleb
Nemelex Xobeh
Okawaru
Qazlal
Ru
Sif Muna
Trog
Uskayaw
Vehumet
Wu Jian
Xom
Yredelemnul

Shops:
D:8 [   D:9 ?   D:10 [   D:11 =

Annotations:
D:13 Lodul

#.# #.## #.#
##'###### #'##
#.......# ...#
#.......# . .†.#
#.......# .. ...#
#......># #... ...#
#.......###.....
...# #......O#...#
...# ####..)....@O#
...###..'......4###
...'...##.......#
...######..<....#
#### #.......#
#########


You could see Lodul, an ogre and a friendly ice devil (summoned).


Message History

You barely miss the ogre. You block the ogre's attack.
You slash the ogre!
You touch the ogre!
You barely miss the ogre. You block the ogre's attack.
The ogre hits you with a +0 giant spiked club!! 😕 HP[-20]
You take 20 damage, and now have 64/84 hp.
MASSIVE DAMAGE!! (PAUSE)
You hit the ogre but do no damage. You closely miss the ogre.
The ogre barely misses you.
You slash the ogre!
You kill the ogre!
Makhleb accepts your kill.
You feel better.
You barely miss the ogre. You slash Lodul!
The ogre hits you but does no damage.
You have finished your manual of Armour and toss it away. 😕 HP[+4]
You regained 4 hp, and now have 68/84 hp.
You barely miss the five-headed hydra.
You touch the five-headed hydra!
You hit the ogre.
The five-headed hydra bites you but does no damage. x2
The five-headed hydra closely misses you.
The five-headed hydra bites you.
The five-headed hydra barely misses you. 😕 HP[-1]
You take 1 damage, and now have 67/84 hp.
You lop one of the five-headed hydra's heads off!
The four-headed hydra grows two more!
You slice the six-headed hydra!! Your touch misses the six-headed hydra.
You slice the ogre!!
The ogre hits you with a +0 giant spiked club!!
A demonic guardian appears!
The six-headed hydra bites you but does no damage.
You block the six-headed hydra's attack.
The six-headed hydra bites you but does no damage.
The six-headed hydra bites you. The six-headed hydra barely misses you.
The six-headed hydra bites you but does no damage. 😮 HP[-21]
You take 21 damage, and now have 46/84 hp.
MASSIVE DAMAGE!! (PAUSE)
You are too injured to fight recklessly!
You completely miss the six-headed hydra.
You hit the ogre.
The six-headed hydra bites you but does no damage. x2
The six-headed hydra bites you!
* * * LOW HITPOINT WARNING * * *
The six-headed hydra bites you but does no damage.
You block the six-headed hydra's attack. x2
The ogre hits you but does no damage.
The six-headed hydra bites you but does no damage.
The six-headed hydra closely misses you.
The six-headed hydra bites you.
* * * LOW HITPOINT WARNING * * *
The six-headed hydra barely misses you.
The six-headed hydra completely misses you.
The six-headed hydra barely misses you. 😨 HP[-8]
You take 8 damage, and now have 38/84 hp.
You are too injured to fight recklessly!
You slice one of the six-headed hydra's heads off!
The five-headed hydra grows two more!
You slash the seven-headed hydra!
You touch the seven-headed hydra!
You barely miss the ogre.
The ogre hits you with a +0 giant spiked club!
* * * LOW HITPOINT WARNING * * *
Your ice devil hits the seven-headed hydra.
Your ice devil freezes the seven-headed hydra!!
The seven-headed hydra seems to slow down.
The seven-headed hydra bites you!
* * * LOW HITPOINT WARNING * * *
The seven-headed hydra bites you but does no damage. x3
You block the seven-headed hydra's attack.
The seven-headed hydra closely misses you.
The seven-headed hydra bites you but does no damage.
Unknown command. 😱 HP[-17]
You take 17 damage, and now have 21/84 hp.
MASSIVE DAMAGE!! (PAUSE)
You lop one of the seven-headed hydra's heads off!
The six-headed hydra grows two more!
You slice the eight-headed hydra!! You hit the ogre.
Your ice devil barely misses the eight-headed hydra.
The ogre hits you with a +0 giant spiked club!
* * * LOW HITPOINT WARNING * * *
The eight-headed hydra bites you but does no damage.
You block the eight-headed hydra's attack. x2
The eight-headed hydra bites you but does no damage. x2
The eight-headed hydra barely misses you.
The eight-headed hydra closely misses you.
The eight-headed hydra bites you but does no damage.
Your ice devil hits the eight-headed hydra!
Your ice devil freezes the eight-headed hydra!
The eight-headed hydra seems to slow down.
The eight-headed hydra dies!
Makhleb accepts your kill. 😱 HP[-8]
You take 8 damage, and now have 13/84 hp.
Unknown command.
Unknown command.
The ogre barely misses you.
Lodul zaps a wand.
Your mind is blasted!
You die...

Skill      XL: |  1  2  3  4  5  6  7  8  9 10 11 12 |
---------------+-------------------------------------+-----
Axes           | 2 3 4 5 6 7 8 10 12 | 12.3
Armour         | 3 4 5 6 7 9 10 13 | 13.8
Fighting       | 4 |  4.3
Spellcasting   | 1 2 3 5 6 8 |  8.0
Invocations    | 1 5 7 |  7.0
Conjurations   | 5 |  5.0
Earth Magic    | 4 5 |  5.0
Shields        | |  2.6

Action                     |  1- 3 |  4- 6 |  7- 9 | 10-12 || total
---------------------------+-------+-------+-------+-------++-------
  Melee: War axe           |   100 |   176 |   321 |   663 ||  1260
         Touch             |       |       |       |    33 ||    33
         Punch             |       |       |       |     2 ||     2
   Cast: Stone Arrow       |       |       |       |    24 ||    24
 Invoke: Lesser Servant of |       |       |       |     2 ||     2
  Evoke: Wand              |       |       |     5 |    19 ||    24
    Use: Scroll            |       |     5 |     8 |    12 ||    25
         Potion            |       |       |     7 |     5 ||    12
   Stab: Distracted        |       |       |     2 |     3 ||     5
         Paralysed         |       |       |       |    19 ||    19
 Armour: Scale mail        |    15 |       |       |       ||    15
         Ring mail         |    32 |    73 |   138 |    30 ||   273
         Skin              |       |       |    44 |       ||    44
         Leather armour    |       |       |       |   158 ||   158
         Crystal plate arm |       |       |       |   409 ||   409
  Dodge: Dodged            |    45 |   115 |   171 |   364 ||   695
  Block: Buckler           |    17 |    46 |    78 |   267 ||   408
         Reflection        |       |       |       |     6 ||     6
         Other             |       |       |       |    65 ||    65

Levels and vault maps discovered:
D:1:      psy_arrival_conway, layout_loops_corners, minmay_large_rounded_square
D:2:      layout_basic, uniq_jessica
D:3:      layout_basic, nemelex_xobeh_ov_fountains_minmay, gup_sewer_entry_bowl,
          shapermc_ecumenical_altar_mp_highgroup, grunt_ministairs_6,
          minivault_19
D:4:      layout_loops_ring, nicolae_overflow_crystal_walls, uniq_blork_the_orc,
          uniq_grinder
D:5:      layout_rooms
D:6:      layout_loops_ring, minmay_temple_entry_enclosed_plants,
          minmay_stone_trees_medium, serial_bayou_pond_e, uniq_edmund,
          uniq_menkaure
D:7:      layout_loops_ring, pdpol_wu_jian_five_deadly_venoms, uniq_pikel
D:8:      layout_basic, enter_bailey_5, grunt_ministairs_15,
          nicolae_take_the_stairs, uniq_joseph
D:9:      layout_stronghold, mainiacjoe_overflow_alcove_1, kennysheep_mini,
          mainiacjoe_overflow_concentric_impassable, serial_shops,
          nicolae_shop_behind_doors, kennysheep_flooded_box
D:10:     layout_basic, serial_shops, shop, kennysheep_generic_room_13
D:11:     layout_stronghold, erik_lair_orcish_takeover, gauntlet_entry_generic,
          serial_demonic, serial_demonic_f, serial_demonic_g, serial_demonic_e,
          serial_demonic_b, grunt_ministairs_7, kennysheep_pointless_box,
          nicolae_inconvenience_store
D:12:     layout_gridville, orc_0_dummy, minivault_27
D:13:     layout_roguey, hangedman_vaults_entry_quadrant_bands, uniq_rupert,
          uniq_lodul
Temple:   eino_temple_rhombus
Orc:1:    layout_caves, abandoned_shop, hangedman_minor_magic

Notes
Turn   | Place    | Note
-------+----------+-------------------------------------------
     0 | D:1      | ytrimaz the Demonspawn Fighter began the quest for the Orb.
     0 | D:1      | Reached XP level 1. HP: 18/18 MP: 1/1
     0 | D:1      | magus.rc [v1.9.6]
    86 | D:1      | Reached skill level 2 in Axes
   108 | D:1      | Gained mutation: A weak demonic guardian rushes to your
                  | aid. [demonic ancestry]
   108 | D:1      | Reached XP level 2. HP: 20/24 MP: 2/2
   375 | D:1      | Reached skill level 3 in Armour
  1088 | D:2      | Gained mutation: You have an unusually large brain. (Int
                  | +2) [demonic ancestry]
  1088 | D:2      | Reached XP level 3. HP: 26/29 MP: 3/3
  1385 | D:2      | magus.rc [v1.9.6]
  1423 | D:2      | Noticed Jessica
  1430 | D:2      | Killed Jessica
  1431 | D:2      | Gained mutation: A demonic guardian rushes to your aid.
                  | [demonic ancestry]
  1431 | D:2      | Reached XP level 4. HP: 34/37 MP: 4/4
  2242 | D:3      | Found a glowing drain.
  2246 | Sewer    | Entered a sewer
  2292 | Sewer    | Reached skill level 4 in Fighting
  2308 | Sewer    | Reached skill level 3 in Axes
  2380 | Sewer    | Gained mutation: You have an extremely huge brain. (Int +4)
                  | [demonic ancestry]
  2380 | Sewer    | Reached XP level 5. HP: 41/42 MP: 5/5
  2478 | Sewer    | Reached skill level 4 in Armour
  2619 | Sewer    | You pick up a book of Geomancy and begin reading...
  2619 | Sewer    | You add the spells Sandblast, Passwall and Stone Arrow to
                  | your library.
  2800 | D:3      | Found a sparkling altar of Nemelex Xobeh.
  2911 | D:3      | You pick up a book of Rime and begin reading...
  2911 | D:3      | You add the spells Frozen Ramparts, Ice Form and Summon Ice
                  | Beast to your library.
  3096 | D:3      | Found a faded altar of an unknown god.
  3190 | D:4      | Reached skill level 1 in Spellcasting
  3190 | D:4      | Reached XP level 6. HP: 49/49 MP: 5/7
  3395 | D:4      | Noticed Grinder
  3404 | D:4      | Paralysed by Grinder for 4 turns
  3415 | D:4      | Killed Grinder
  3416 | D:4      | Reached skill level 4 in Axes
  3416 | D:4      | Reached skill level 2 in Spellcasting
  3429 | D:4      | HP: 12/49 [phantom (3)]
  3431 | D:4      | Reached XP level 7. HP: 14/55 MP: 10/10
  3617 | D:4      | Noticed Blork the orc
  3627 | D:4      | Killed Blork the orc
  3628 | D:4      | Reached skill level 5 in Armour
  3723 | D:4      | You add the spells Ignite Poison, Sticky Flame and Ignition
                  | to your library.
  3990 | D:4      | Found a blossoming altar of Fedhas.
  4352 | D:5      | Entered Level 5 of the Dungeon
  4473 | D:5      | Reached skill level 3 in Spellcasting
  4818 | D:5      | Reached skill level 5 in Axes
  4955 | D:6      | Reached XP level 8. HP: 56/61 MP: 13/13
  5012 | D:6      | Noticed Menkaure
  5019 | D:6      | Killed Menkaure
  5044 | D:6      | Reached skill level 4 in Spellcasting
  5056 | D:6      | Noticed Edmund
  5067 | D:6      | HP: 15/61 [Edmund/+2 flail of venom (5)]
  5071 | D:6      | Killed Edmund
  5072 | D:6      | Reached skill level 6 in Armour
  5693 | D:6      | Found a staircase to the Ecumenical Temple.
  5783 | D:6      | Reached skill level 6 in Axes
  5788 | D:6      | HP: 15/61 [poisoned by a water moccasin]
  6034 | Temple   | Entered the Ecumenical Temple
  6194 | Temple   | Became a worshipper of Makhleb the Destroyer
  6343 | D:7      | Reached skill level 5 in Spellcasting
  6343 | D:7      | Reached skill level 1 in Invocations
  6500 | D:7      | Reached XP level 9. HP: 66/66 MP: 16/16
  6651 | D:7      | Reached skill level 2 in Invocations
  6662 | D:7      | HP: 24/99 [poisoned by a killer bee]
  6667 | D:7      | HP: 19/99 [poisoned by a killer bee]
  6674 | D:7      | HP: 14/99 [killer bee (3)]
  6880 | D:7      | Reached skill level 7 in Armour
  7028 | D:7      | Reached skill level 3 in Invocations
  7081 | D:7      | Noticed a komodo dragon
  7089 | D:7      | Noticed Pikel
  7100 | D:7      | HP: 15/66 [komodo dragon (8)]
  7108 | D:7      | Killed a komodo dragon
  7113 | D:7      | Killed Pikel
  7114 | D:7      | Reached skill level 7 in Axes
  7114 | D:7      | Reached skill level 6 in Spellcasting
  7114 | D:7      | Reached skill level 4 in Invocations
  7359 | D:7      | Found an ornate altar of the Wu Jian Council.
  7572 | D:8      | Found a flagged portal.
  7579 | D:8      | Reached * piety under Makhleb
  7588 | Bailey   | Entered a bailey
  7589 | Bailey   | magus.rc [v1.9.6]
  7762 | Bailey   | HP: 10/66 [orc warrior/+0 hand axe (10)]
  7763 | Bailey   | HP: 1/66 [orc warrior/+0 war axe (4)]
  7768 | Bailey   | HP: 9/66 [orc warrior/+0 war axe (3)]
  7772 | Bailey   | Reached skill level 5 in Invocations
  8041 | Bailey   | Noticed a kobold demonologist
  8048 | Bailey   | Noticed an orc knight
  8052 | Bailey   | Killed a kobold demonologist
  8062 | Bailey   | Gained mutation: Spells you cast may paralyse adjacent
                  | enemies. [demonic ancestry]
  8062 | Bailey   | Reached XP level 10. HP: 44/73 MP: 19/19
  8088 | Bailey   | Killed an orc knight
  8089 | Bailey   | Reached skill level 6 in Invocations
  8276 | Bailey   | Reached skill level 8 in Armour
  8277 | Bailey   | Reached ** piety under Makhleb
  8287 | Bailey   | HP: 14/73 [electric eel/bolt of electricity (12)]
  8294 | Bailey   | HP: 8/73 [electric eel/bolt of electricity (15)]
  8749 | Bailey   | HP: 15/73 [orc warrior/+0 war axe (6)]
  9002 | Bailey   | Found an iron altar of Okawaru.
  9002 | Bailey   | Noticed an orc knight
  9005 | Bailey   | Noticed an orange demon
  9044 | Bailey   | Reached skill level 7 in Spellcasting
  9072 | Bailey   | Killed an orc knight
  9073 | Bailey   | Reached skill level 8 in Axes
  9073 | Bailey   | Reached skill level 7 in Invocations
  9334 | D:8      | Acquired a manual of Armour
  9426 | D:8      | Learned a level 3 spell: Stone Arrow
  9466 | D:8      | Found Nouwul's Armour Shoppe.
  9712 | D:8      | HP: 15/62 [killer bee (3)]
  9715 | D:8      | HP: 7/63 [poisoned by a killer bee]
  9955 | D:8      | Noticed a two-headed ogre
  9966 | D:8      | Killed a two-headed ogre
  9967 | D:8      | Reached skill level 9 in Armour
  9973 | D:8      | HP: 17/73 [wight/+2 dagger of freezing (4)]
  9981 | D:8      | HP: 11/73 [wight/+2 dagger of freezing (6)]
 10449 | D:8      | Noticed Joseph
 10464 | D:8      | HP: 17/73 [Joseph/+0 quarterstaff (11)]
 10467 | D:8      | HP: 1/73 [Joseph/+0 quarterstaff (10)]
 10467 | D:8      | Killed Joseph
 10721 | D:8      | Reached skill level 8 in Spellcasting
 10721 | D:8      | Gained mutation: Spells you cast may paralyse nearby
                  | enemies. [demonic ancestry]
 10721 | D:8      | Reached XP level 11. HP: 61/78 MP: 21/23
 11135 | D:9      | Identified the +6 dagger "Perecyuf" {speed, rElec Will+
                  | Str+2}
 11153 | D:9      | Noticed a two-headed ogre
 11161 | D:9      | HP: 7/78 [two-headed ogre/+0 dire flail (24)]
 11171 | D:9      | HP: 18/78 [two-headed ogre/+0 dire flail (18)]
 11425 | D:9      | Reached *** piety under Makhleb
 11433 | D:9      | Reached skill level 1 in Conjurations
 11545 | D:9      | Found an opulent altar of Gozag.
 11556 | D:9      | Killed a two-headed ogre
 11557 | D:9      | Reached skill level 9 in Axes
 11557 | D:9      | Reached skill level 10 in Armour
 11761 | D:9      | Reached skill level 2 in Conjurations
 12196 | D:9      | HP: 19/78 [yak (13)]
 12202 | D:9      | HP: 11/78 [yak (2)]
 12203 | D:9      | HP: 5/78 [yak (6)]
 12204 | D:9      | HP: 1/78 [yak (5)]
 12457 | D:9      | Found Odefeal's Magic Scroll Shop.
 12569 | D:9      | Found a hide-covered altar of Uskayaw.
 12835 | D:9      | Reached skill level 3 in Conjurations
 12843 | D:9      | HP: 14/78 [yak (7)]
 12852 | D:9      | Reached skill level 4 in Conjurations
 13038 | D:9      | Found a shimmering altar of Xom.
 13135 | D:10     | Entered Level 10 of the Dungeon
 13171 | D:10     | Noticed a two-headed ogre
 13180 | D:10     | Killed a two-headed ogre
 13181 | D:10     | Reached skill level 1 in Earth Magic
 13229 | D:10     | Found Wetotizo's Armour Shoppe.
 13538 | D:10     | Reached skill level 10 in Axes
 13538 | D:10     | Reached skill level 2 in Earth Magic
 13547 | D:10     | HP: 16/78 [vampire mosquito (9)]
 13553 | D:10     | HP: 12/78 [vampire mosquito (4)]
 14312 | D:10     | Reached skill level 5 in Conjurations
 14881 | D:10     | Acquired the +10 crystal plate armour of the Game of Kings
                  | {rPois rC+ Will-}
 15161 | D:11     | Found a gate leading to a gauntlet.
 15202 | Gauntlet | Entered a Gauntlet
 15202 | Gauntlet | Noticed a death yak
 15202 | Gauntlet | Found a transporter.
 15202 | Gauntlet | Found a transporter.
 15202 | Gauntlet | Found a transporter.
 15203 | Gauntlet | Found a transporter.
 15203 | Gauntlet | Noticed a death yak
 15203 | Gauntlet | Noticed a death yak
 15203 | Gauntlet | Noticed a necromancer
 15204 | Gauntlet | Noticed a death yak
 15205 | Gauntlet | Noticed a death yak
 15206 | Gauntlet | Found a transporter.
 15226 | Gauntlet | Found a transporter.
 15231 | Gauntlet | Found a transporter.
 15237 | Gauntlet | Found a transporter.
 15255 | Gauntlet | Found a transporter.
 15258 | Gauntlet | Found a large runed translucent door.
 15260 | Gauntlet | Found a large runed translucent door.
 15261 | Gauntlet | Found a large runed translucent door.
 15262 | Gauntlet | Found a runed translucent gate.
 15263 | Gauntlet | Found a transporter.
 15263 | Gauntlet | Found a runed translucent gate.
 15264 | Gauntlet | Found a runed translucent gate.
 15264 | Gauntlet | Noticed a wizard
 15265 | Gauntlet | Found a large runed translucent door.
 15266 | Gauntlet | Found a large runed translucent door.
 15267 | Gauntlet | Found a large runed translucent door.
 15274 | Gauntlet | Found a large runed translucent door.
 15274 | Gauntlet | Found a large runed translucent door.
 15276 | Gauntlet | Found a large runed translucent door.
 15276 | Gauntlet | Found a large runed translucent door.
 15276 | Gauntlet | Found a runed translucent door.
 15276 | Gauntlet | Found a runed translucent door.
 15277 | Gauntlet | Found a large runed translucent door.
 15278 | Gauntlet | Found a large runed translucent door.
 15280 | Gauntlet | Found a transporter.
 15332 | Gauntlet | Found a transporter.
 15371 | Gauntlet | Found a large runed translucent door.
 15373 | Gauntlet | Found a large runed translucent door.
 15373 | Gauntlet | Found a large runed translucent door.
 15373 | Gauntlet | Found a large runed translucent door.
 15475 | Gauntlet | Reached skill level 3 in Earth Magic
 15504 | Gauntlet | Killed a wizard
 15507 | Gauntlet | Identified the ring of Fixoamn {rC- rCorr EV+5 Int+7}
 15728 | Gauntlet | Reached **** piety under Makhleb
 15887 | Gauntlet | Identified the +3 dire flail of the Jester {flame, Str+3}
 15938 | Gauntlet | Noticed a minotaur
 15957 | Gauntlet | HP: 6/78 [minotaur/+0 battleaxe (26)]
 15958 | Gauntlet | Killed a minotaur
 15959 | Gauntlet | Reached skill level 4 in Earth Magic
 15959 | Gauntlet | Gained mutation: Your touch may inflict minor irresistible
                  | damage on your foes. [demonic ancestry]
 15959 | Gauntlet | Reached XP level 12. HP: 16/84 MP: 24/24
 16054 | Gauntlet | You add the spells Cigotuvi's Dreadful Rot, Mephitic Cloud,
                  | Summon Mana Viper and Discord to your library.
 16054 | Gauntlet | Got the Treatise on the Vexing Sixfirhy
 16219 | D:11     | HP: 12/84 [gargoyle/stone arrow (13)]
 16220 | D:11     | HP: 4/84 [smoke demon/divine providence (9)]
 16225 | D:11     | Reached skill level 11 in Armour
 16450 | D:11     | Found a staircase to the Lair.
 16615 | D:11     | You pick up a book of Hexes and begin reading...
 16615 | D:11     | You add the spells Anguish, Cause Fear and Enfeeble to your
                  | library.
 16928 | D:11     | Reached skill level 11 in Axes
 17021 | D:11     | Reached skill level 5 in Earth Magic
 17141 | D:11     | Noticed a two-headed ogre
 17149 | D:11     | Killed a two-headed ogre
 17312 | D:11     | Found Rohygak's Jewellery Emporium.
 17322 | D:11     | Bought the ring of Borutug {rElec rF+ rCorr Str-4 Int+2}
                  | for 588 gold pieces
 17585 | D:11     | Reached skill level 12 in Armour
 17890 | D:12     | Found a staircase to the Orcish Mines.
 17897 | D:12     | Noticed a two-headed ogre
 17905 | D:12     | Killed a two-headed ogre
 17989 | D:12     | You pick up a book of Alchemy and begin reading...
 17989 | D:12     | You add the spells Sublimation of Blood, Petrify and
                  | Irradiate to your library.
 18081 | D:12     | Noticed a two-headed ogre
 18088 | D:12     | Killed a two-headed ogre
 18375 | D:12     | Noticed a centaur warrior
 18381 | D:12     | Killed a centaur warrior
 18382 | D:12     | Reached skill level 13 in Armour
 18513 | D:12     | Reached skill level 12 in Axes
 18578 | Orc:1    | Entered Level 1 of the Orcish Mines
 18864 | D:13     | Noticed Lodul
 18867 | D:13     | Noticed a five-headed hydra
 18877 | D:13     | HP: 21/84 [seven-headed hydra (10)]
 18878 | D:13     | Killed an eight-headed hydra
 18879 | D:13     | Blown up by Lodul

Vanquished Creatures
  A minotaur (Gauntlet)
  A centaur warrior (D:12)
  3 two-headed ogres
  A deep troll (shapeshifter) (D:13)
  Pikel (D:7)
  2 orc knights (Bailey)
  An ugly thing (D:12)
  A cyclops (D:12)
  2 manticores
  A moth of wrath (shapeshifter) (D:13)
  A smoke demon (D:11)
  3 kobold demonologists
  3 gargoyles
  An unseen horror (D:10)
  2 komodo dragons
  2 ice devils
  A hellwing (D:11)
  A red devil (D:11)
  A troll (D:11)
  Grinder (D:4)
  4 flying skulls (Gauntlet)
  A shadow (D:11)
  A wraith (D:6)
  13 yaks
  2 wyverns
  A basilisk (D:11)
  A neqoxec (D:11)
  Edmund (D:6)
  2 wargs (D:11)
  4 vampire mosquitoes (D:10)
  A water moccasin (D:6)
  10 orc warriors
  3 sky beasts
  2 ice beasts
  6 centaurs
  6 ogres
  4 wolves (Gauntlet)
  2 phantoms
  A lemure (D:7)
  5 kobold brigands
  Blork the orc (D:4)
  3 bullfrogs
  A gnoll sergeant (D:10)
  2 scorpions
  5 wights (D:8)
  16 killer bees
  A howler monkey (D:9)
  An electric eel (Bailey)
  2 hounds
  A jelly (D:8)
  4 orc priests
  A sleepcap (D:5)
  Jessica (D:2)
  3 orc wizards
  A sickly merfolk siren (Sewer)
  A malarious merfolk avatar (Sewer)
  5 gnolls
  8 adders
  3 river rats
  4 white imps (Gauntlet)
  An ufetubus (D:6)
  3 worms
  2 dart slugs
  13 orcs
  9 ball pythons
  7 bats
  9 endoplasms
  5 giant cockroaches
  18 goblins
  14 hobgoblins
  2 jackals (D:4)
  A quokka (D:4)
  9 frilled lizards
  25 kobolds
  28 rats
310 creatures vanquished.

Vanquished Creatures (collateral kills)
  A hydra (D:13)
  3 two-headed ogres
  Joseph (D:8)
  A torpor snail (Gauntlet)
  12 yaks
  A steam dragon (D:8)
  Menkaure (D:6)
  3 orc warriors (Bailey)
  An ice beast (D:7)
  A wolf (Gauntlet)
  4 wights (D:8)
  6 killer bees
  A howler monkey (D:9)
  An electric eel (Bailey)
  3 orcs
  A kobold (D:7)
41 creatures vanquished.

Vanquished Creatures (others)
  A wizard (Gauntlet)
  2 demonic plants (D:11)
  5 fungi (Gauntlet)
  15 plants
  3 withered plants (Gauntlet)
26 creatures vanquished.

Grand Total: 377 creatures vanquished

Table legend:
 A = Non-vault XP
 B = Vault XP
 C = Vault XP percentage of total XP
 D = Non-vault monster count
 E = Vault monster count
 F = Vault count percentage of total count
                 A         B        C        D         E       F
            +---------+---------+-------+---------+---------+-------
      Total |   23555 |   14258 |  37.7 |     215 |     136 |  38.7
            +---------+---------+-------+---------+---------+-------
        D:1 |      37 |       0 |   0.0 |      21 |       0 |   0.0
        D:2 |      59 |      37 |  38.5 |      12 |       1 |   7.7
        D:3 |      46 |      16 |  25.8 |      19 |       4 |  17.4
        D:4 |     340 |     356 |  51.1 |      15 |       2 |  11.8
        D:5 |     336 |       0 |   0.0 |       6 |       0 |   0.0
        D:6 |     655 |     351 |  34.9 |       6 |       2 |  25.0
        D:7 |    1485 |     641 |  30.2 |      21 |       1 |   4.5
        D:8 |    1283 |    1664 |  56.5 |      20 |      11 |  35.5
        D:9 |    4211 |       0 |   0.0 |      29 |       0 |   0.0
       D:10 |    3193 |       0 |   0.0 |      32 |       0 |   0.0
       D:11 |    3194 |    3289 |  50.7 |      12 |      19 |  61.3
       D:12 |    6208 |       0 |   0.0 |      18 |       0 |   0.0
       D:13 |    2508 |     466 |  15.7 |       4 |       4 |  50.0
      Sewer |       0 |     157 | 100.0 |       0 |      37 | 100.0
     Bailey |       0 |    3752 | 100.0 |       0 |      38 | 100.0
   Gauntlet |       0 |    3529 | 100.0 |       0 |      17 | 100.0
            +---------+---------+-------+---------+---------+-------

Skill      XL: |  1  2  3  4  5  6  7  8  9 10 11 12 |
---------------+-------------------------------------+-----
Axes           | 2 3 4 5 6 7 8 10 12 | 12.3
Armour         | 3 4 5 6 7 9 10 13 | 13.8
Fighting       | 4 |  4.3
Spellcasting   | 1 2 3 5 6 8 |  8.0
Invocations    | 1 5 7 |  7.0
Conjurations   | 5 |  5.0
Earth Magic    | 4 5 |  5.0
Shields        | |  2.6

Action                     |  1- 3 |  4- 6 |  7- 9 | 10-12 || total
---------------------------+-------+-------+-------+-------++-------
  Melee: War axe           |   100 |   176 |   321 |   663 ||  1260
         Touch             |       |       |       |    33 ||    33
         Punch             |       |       |       |     2 ||     2
   Cast: Stone Arrow       |       |       |       |    24 ||    24
 Invoke: Lesser Servant of |       |       |       |     2 ||     2
  Evoke: Wand              |       |       |     5 |    19 ||    24
    Use: Scroll            |       |     5 |     8 |    12 ||    25
         Potion            |       |       |     7 |     5 ||    12
   Stab: Distracted        |       |       |     2 |     3 ||     5
         Paralysed         |       |       |       |    19 ||    19
 Armour: Scale mail        |    15 |       |       |       ||    15
         Ring mail         |    32 |    73 |   138 |    30 ||   273
         Skin              |       |       |    44 |       ||    44
         Leather armour    |       |       |       |   158 ||   158
         Crystal plate arm |       |       |       |   409 ||   409
  Dodge: Dodged            |    45 |   115 |   171 |   364 ||   695
  Block: Buckler           |    17 |    46 |    78 |   267 ||   408
         Reflection        |       |       |       |     6 ||     6
         Other             |       |       |       |    65 ||    65

Illustrated notes

Table legend:
 A = Kills in this place as a percentage of kills in the entire game.
 B = Kills by you in this place as a percentage of kills by you in the entire game.
 C = Kills by friends in this place as a percentage of kills by friends in the entire game.
 D = Other kills in this place as a percentage of other kills in the entire game.
 E = Experience gained in this place as a percentage of experience gained in the entire game.
 F = Experience gained in this place divided by the number of levels of this place that you have seen.
                   A       B       C       D       E      F
               +-------+-------+-------+-------+-------+----------------------
         Total | 100.0 | 100.0 | 100.0 | 100.0 | 100.0 | 2100.7
       Dungeon |  73.8 |  72.8 |  82.9 |   0.0 |  80.3 | 2336.5
         Sewer |  10.5 |  12.0 |   0.0 |   0.0 |   0.4 | 157.0
        Bailey |  10.8 |  10.7 |  12.2 |   0.0 |   9.9 | 3752.0
      Gauntlet |   4.8 |   4.5 |   4.9 | 100.0 |   9.3 | 3529.0
               +-------+-------+-------+-------+-------+----------------------

Table legend: (Time is in decaauts)
 A = Elapsed time spent in this place.
 B = Non-inter-level travel time spent in this place.
 C = Inter-level travel time spent in this place.
 D = Time resting spent in this place.
 E = Time spent auto-exploring this place.
 F = Levels seen in this place.
 G = Mean time per level.
                   A        B        C        D        E       F      G
               +--------+--------+--------+--------+--------+-----+--------+
         Total |  19262 |  18817 |    445 |   1048 |  14293 |  18 | 1070.1 |
       Dungeon |  15751 |  15328 |    423 |    730 |  12145 |  13 | 1211.6 |
        Temple |    170 |    148 |     22 |      0 |    134 |   1 |  170.0 |
  Orcish Mines |      3 |      3 |      0 |      0 |      0 |   1 |    3.0 |
         Sewer |    565 |    565 |      0 |      0 |    321 |   1 |  565.0 |
        Bailey |   1723 |   1723 |      0 |     81 |   1255 |   1 | 1723.0 |
      Gauntlet |   1047 |   1047 |      0 |    237 |    438 |   1 | 1047.0 |
               +--------+--------+--------+--------+--------+-----+--------+

Top non-repeatable levels by time:
     D:8: 1999 daAuts
    D:10: 1927 daAuts
     D:9: 1888 daAuts
  Bailey: 1723 daAuts
    D:11: 1646 daAuts
     D:7: 1347 daAuts
     D:4: 1193 daAuts
     D:6: 1184 daAuts
     D:2: 1127 daAuts
Gauntlet: 1047 daAuts
     D:1: 977 daAuts
    D:12: 945 daAuts
     D:3: 667 daAuts
   Sewer: 565 daAuts
     D:5: 562 daAuts
